Map: Abyssal Reef LE

Players

redfang

  • Race: Zerg Zerg
  • League: Silver
  • Spawn Location: 5:00

JagrsMullets - Winner!

  • Race: Protoss Protoss
  • Spawn Location: 11:00

VOD

Have the link to the VOD?

Description

Time

  • Played on: Nov. 26, 2017, 4:29 a.m.
  • Length: 16:54
Show
View Real Time Build Order
Export as new Build Order

redfang Zerg 

Build Orders: Pool First, Lurkers 

Get SALT Encoding   

  12  0:02  Drone  
  13  0:24  Spawning Pool  
  13  0:26  Drone  
  13  0:37  Overlord  
  13  0:40  Drone  
  14  0:55  Drone x2  
  16  0:59  Drone  
  17  1:10  Drone  
  18  1:12  Queen  
  18  1:16  Extractor  
  19  1:20  Spine Crawler  
  19  1:21  Drone  
  19  1:37  Drone, Evolution Chamber  
  19  1:43  Drone  
  20  1:56  Queen  
  20  2:00  Overlord  
  22  2:06  Spine Crawler  
  21  2:08  Drone  
  22  2:23  Metabolic Boost  
  22  2:25  Drone x2, Zergling x2  
  22  2:26  Zergling x2  
  26  2:31  Extractor, Drone  
  26  2:44  Drone  
  27  2:53  Overlord  
  27  3:02  Lair  
  27  3:20  Zergling x2  
  27  3:21  Zergling x4  
  27  3:26  Zerg Missile Weapons Level 1  
  30  3:32  Overlord x3  
  30  3:50  Zergling x2  
  31  4:08  Hydralisk Den  
  30  4:15  Zergling x2  
  30  4:16  Zergling x4  
  33  4:22  Hatchery  
  31  4:56  Hydralisk x3  
  31  4:57  Hydralisk x2  
  41  5:11  Drone x2  
  41  5:12  Drone x2  
  45  5:36  Spine Crawler  
  45  5:39  Drone  
  45  5:48  Zerg Ground Armor Level 1  
  45  5:56  Lurker Den  
  44  5:58  Drone x2  
  46  6:14  Drone x3  
  46  6:16  Spine Crawler  
  48  6:22  Overlord  
  48  6:23  Overlord  
  48  6:44  Drone x2  
  48  6:45  Overlord  
  50  7:00  Hydralisk x2  
  50  7:01  Hydralisk  
  54  7:05  Hydralisk x3  
  62  7:11  Hydralisk  
  63  7:21  Drone  
  64  7:28  Hydralisk x3  
  70  7:43  Lurker x2  
  72  7:51  Extractor x2  
  71  7:54  Zergling x10  
  75  7:59  Drone x2  
  75  8:00  Overlord  
  75  8:03  Drone  
  78  8:19  Lurker x2  
  80  8:35  Hydralisk x3  
  80  8:37  Zergling x6  
  80  8:39  Overseer  
  89  8:59  Overseer  
  89  9:03  Hatchery  
  88  9:15  Hydralisk  
  90  9:17  Overlord x3  
  90  9:53  Pneumatized Carapace  
  90  9:57  Hydralisk x3  
  96  10:00  Hydralisk x4  
  94  10:43  Hydralisk x5  
  94  10:44  Hydralisk x3  
  110  11:09  Drone x3  
  104  11:45  Lurker x3  
  107  11:47  Lurker  
  107  11:51  Hydralisk x6  
  120  12:03  Zergling x2  
  120  12:04  Overlord x2  
  120  12:05  Overlord x2  
  121  12:09  Extractor  
  121  12:12  Extractor, Overseer  
  121  12:14  Overseer  
  119  12:16  Muscular Augments  
  119  12:45  Hydralisk x3  
  119  12:46  Hydralisk x2  
  105  13:42  Hydralisk x5  
  57  14:10  Spire  
  56  14:20  Drone x3  
  57  14:37  Hydralisk x5  
  59  14:42  Hydralisk x5  
  59  14:43  Hydralisk  
  71  14:47  Hydralisk x2  
  39  15:22  Hydralisk x3  
  39  15:28  Hydralisk  
  45  15:29  Hydralisk  
  25  15:57  Hydralisk x2  
  25  16:04  Hydralisk  
Show
View Real Time Build Order
Export as new Build Order

JagrsMullets Protoss - Winner!

Build Orders:  

Get SALT Encoding   

  12  0:05  Probe  
  13  0:22  Pylon  
  13  0:27  Probe (Chrono Boost)  
  15  0:38  Probe (Chrono Boost)  
  15  0:42  Probe  
  16  0:44  Pylon  
  16  0:54  Probe  
  17  1:04  Pylon  
  17  1:08  Pylon  
  17  1:14  Forge  
  17  1:18  Assimilator  
  17  1:22  Assimilator  
  17  1:35  Gateway  
  17  1:40  Probe (Chrono Boost)  
  19  1:51  Probe (Chrono Boost)  
  19  1:54  Probe  
  20  2:06  Probe  
  21  2:09  Photon Cannon  
  21  2:18  Probe  
  21  2:21  Photon Cannon  
  22  2:30  Probe  
  23  2:38  Cybernetics Core  
  23  2:43  Pylon  
  23  2:56  Photon Cannon  
  23  3:02  Photon Cannon  
  23  3:11  Gateway  
  23  3:13  Probe (Chrono Boost)  
  25  3:22  Probe (Chrono Boost)  
  25  3:24  Warp Gate (Chrono Boost)  
  25  3:27  Probe  
  25  3:28  Protoss Ground Weapons Level 1  
  26  3:41  Gateway  
  26  3:56  Pylon  
  26  3:59  Pylon  
  26  4:03  Pylon  
  26  4:08  Probe  
  27  4:21  Stargate, Probe  
  28  4:31  Gateway  
  28  4:33  Probe  
  29  4:45  Probe  
  30  4:47  Photon Cannon  
  30  4:51  Stargate  
  30  4:57  Stargate  
  30  5:16  Fleet Beacon  
  30  5:23  Probe (Chrono Boost)  
  31  5:29  Protoss Air Weapons Level 1  
  31  5:34  Probe (Chrono Boost)  
  32  5:37  Probe  
  32  5:38  Stargate  
  33  5:49  Zealot, Probe  
  36  5:50  Zealot  
  36  5:53  Stalker  
  40  6:00  Stalker  
  42  6:10  Stargate  
  42  6:29  Nexus  
  42  6:37  Stargate  
  42  7:05  Twilight Council  
  42  7:20  Adept x3  
  42  7:21  Adept  
  50  7:32  Void Ray  
  54  7:47  Assimilator  
  54  7:50  Assimilator  
  54  8:08  Pylon  
  54  8:13  Pylon  
  54  8:19  Zealot x2  
  58  8:20  Zealot  
  60  8:32  Probe (Chrono Boost)  
  62  8:44  Probe (Chrono Boost)  
  62  8:46  Mothership  
  70  9:35  Carrier x2  
  82  9:46  Carrier  
  88  10:08  Dark Shrine  
  88  10:14  Gateway  
  74  10:38  Adept x2  
  74  10:39  Adept  
  74  10:40  Adept  
  74  10:53  Photon Cannon  
  73  11:43  Photon Cannon  
  73  11:44  Photon Cannon  
  73  11:45  Photon Cannon x2  
  73  11:47  Photon Cannon  
  73  11:50  Photon Cannon  
  73  11:52  Photon Cannon  
  73  11:53  Photon Cannon  
  73  11:59  Photon Cannon  
  73  12:04  Pylon  
  73  12:05  Pylon  
  73  12:08  Carrier  
  79  12:40  Void Ray x3  
  91  12:49  Carrier  
  97  13:08  Zealot x3  
  97  13:09  Zealot  
  105  13:24  Graviton Catapult  
  105  13:26  Charge  
  69  14:13  Mothership (Chrono Boost)  
  77  14:18  Void Ray  
  72  15:05  Resonating Glaives  
Tags
 
Composition
Lurkers
League
Silver
Matchup
PvZ
Opening
Pool First
Spawn Locations
Cross Positions
Add a new tag
Caveats
  • Supply blocks, unpowered buildings, or Contaminate may cause inaccurate times.
  • Supply counts are checked every 10 seconds.